 Dungeon Crawl Stone Soup version 0.21-a0-265-gb353147 (webtiles) character file.

8690 Monsterracer the Cleaver (level 11, -5/103 (104) HPs)
             Began as a Minotaur Berserker on Sept 12, 2017.
             Was a High Priest of Trog.
             Slain by a slime creature (16 damage)
             ... on level 9 of the Dungeon.
             The game lasted 00:09:47 (10046 turns).

Monsterracer the Cleaver (Minotaur Berserker)      Turns: 10046, Time: 00:09:49

HP:   -5/103 (104)  AC: 11    Str: 24    XL:     11   Next: 13%
MP:   10/10         EV: 15    Int:  4    God:    Trog [*****.]
Gold: 561           SH:  5    Dex: 11    Spells: 10/10 levels left

rFire    + + .     SeeInvis .   y - +1 battleaxe (freeze)
rCold    . . .     Gourm    .   (shield currently unavailable)
rNeg     + + .     Faith    .   a - +1 ring mail of Masochism {rPois rF+ rN++ Stlth-}
rPois    +         Spirit   .   (helmet restricted)
rElec    .         Reflect  +   h - +2 cloak
rCorr    .         Harm     .   (no gloves)
MR       +....                  (no boots)
Stlth    ..........             q - +5 amulet of reflection
HPRegen  0.27/turn              x - ring of protection from fire
MPRegen  0.12/turn              d - ring of protection from magic

@: berserk cooldown, slowed, very slow
A: retaliatory headbutt, horns 2
a: Berserk, Trog's Hand, Brothers in Arms, Burn Spellbooks, Renounce Religion


You were on level 9 of the Dungeon.
You worshipped Trog.
Trog was extremely pleased with you.
You were very hungry.

You visited 1 branch of the dungeon, and saw 10 of its levels.
You also visited: Ossuary.

You collected 561 gold pieces.

Inventory:

Hand Weapons
 b - a +0 dire flail
 y - a +1 battleaxe of freezing (weapon)
Armour
 a - the +1 ring mail of Masochism (worn) {rPois rF+ rN++ Stlth-}
   (You took it off an orc on level 8 of the Dungeon)

   It protects you from fire.
   It protects you from poison.
   It greatly protects you from negative energy.
   It makes you less stealthy.
 g - a +0 chain mail
 h - a +2 cloak (worn)
Jewellery
 d - a ring of protection from magic (right hand)
 e - an uncursed ring of ice
 q - a +5 amulet of reflection (around neck)
 x - a ring of protection from fire (left hand)
Scrolls
 w - a scroll of magic mapping
 B - a scroll of enchant weapon
 C - a scroll of enchant armour
Potions
 i - 5 potions of mutation
 j - 4 potions of heal wounds
 k - 3 potions of ambrosia
 l - 3 potions of curing
 m - 3 potions of flight
 n - 2 potions of agility
 o - a potion of resistance {unknown}
 p - 4 potions of berserk rage
 r - 2 potions of haste {unknown}
 s - a potion of lignification {unknown}
 u - 3 potions of might
 z - a potion of degeneration {unknown}
 A - a potion of invisibility {unknown}
Comestibles
 c - 5 bread rations
 f - 5 meat rations
 t - 3 fruits
 v - 2 royal jellies


   Skills:
 * Level 11.9 Fighting
 * Level 12.6 Axes
 + Level 8.8 Armour
 + Level 8.1 Dodging


You had 10 spell levels left.
You didn't know any spells.

Dungeon Overview and Level Annotations

Branches:
Dungeon (10/15)            Temple (0/1) D:4            Lair (0/6) D:9
    Orc: D:9-12

Altars:
Ashenzari
Cheibriados
Dithmenos
Gozag
Nemelex Xobeh
Okawaru
Ru
Sif Muna
Trog
Uskayaw
Vehumet
Wu Jian
Yredelemnul
Zin
The Shining One


Innate Abilities, Weirdness & Mutations

You reflexively headbutt those who attack you in melee.
You have a pair of horns on your head.


Message History

* * * LOW HITPOINT WARNING * * *
Huge Dmg: -6%(-6hp) hp: 16%(16hp) Unknown command.
There is a stone staircase leading up here.
The slime creature barely misses you. You furiously retaliate!
You headbutt the slime creature! The slime creature hits you.
* * * LOW HITPOINT WARNING * * *
You climb upwards.
There is a stone staircase leading down here.
Damage: -3%(-3hp) hp: 14%(14hp) Unknown command.
You aren't carrying any items that you can evoke.
You eat one of the 4 fruits.
You are feeling very hungry.
Mmmm...
Yummy plum.
The slime creature hits you.
* * * LOW HITPOINT WARNING * * *
Huge Dmg: -3%(-3hp) hp: 11%(11hp) Unknown command.
You fail to use your ability.
The slime creature hits you!
You die...

#.# #(# #.# #.#
#.# #.# #.# #.#
#.# #(# #.# #.#
#.# #)#
#.##############)#
#.....J@.........#
##################


You could see a slime creature.

Vanquished Creatures
  2 two-headed ogres
  Joseph (D:8)
  A troll (D:8)
  Grinder (D:5)
  2 slime creatures (D:10)
  A hippogriff (D:7)
  A wyvern (D:8)
  Grum (D:8)
  A hungry ghost (D:7)
  A wraith (Ossuary)
  Menkaure (D:5)
  3 wargs (D:9)
  Duvessa (D:5)
  A water moccasin (D:8)
  4 orc warriors
  A phantom (D:9)
  3 necrophages
  5 centaurs
  3 ogres
  2 wolves (D:8)
  7 bullfrogs
  A wyvern skeleton (D:8)
  3 scorpions
  Dowan (D:5)
  6 killer bees (D:8)
  A water moccasin skeleton (D:8)
  3 wights (D:9)
  10 howler monkeys
  A centaur zombie (D:7)
  5 crimson imps
  6 hounds
  5 jellies
  8 orc priests
  2 quasits
  4 orc wizards
  An iguana (D:9)
  5 worker ants
  3 mummies (Ossuary)
  3 worker ant zombies
  7 gnolls
  A howler monkey skeleton (D:6)
  12 adders
  A shadow imp (D:5)
  2 oozes
  An adder skeleton (D:6)
  2 worms
  3 dart slugs
  4 leopard geckos
  28 orcs
  3 ball pythons
  11 bats
  2 giant cockroaches
  A gnoll zombie (Ossuary)
  4 hobgoblins
  14 jackals
  3 quokkas
  7 frilled lizards
  5 goblins
  2 goblin zombies (Ossuary)
  2 hobgoblin zombies (Ossuary)
  A jackal skeleton (D:4)
  2 kobolds
  2 kobold zombies (Ossuary)
  A leopard gecko zombie (D:9)
  A quokka skeleton (D:4)
  A quokka zombie (D:5)
  12 rats
246 creatures vanquished.

Vanquished Creatures (others)
  A crimson imp (D:9)
1 creature vanquished.

Grand Total: 247 creatures vanquished

Notes
Turn   | Place    | Note
-------+----------+-------------------------------------------
     0 | D:1      | Monsterracer the Minotaur Berserker began the quest for the Orb.
     0 | D:1      | Reached XP level 1. HP: 19/19 MP: 0/0
   177 | D:1      | Reached XP level 2. HP: 19/27 MP: 1/1
   702 | D:1      | Reached skill level 4 in Axes
   973 | D:1      | Reached ** piety under Trog
   974 | D:1      | Reached XP level 3. HP: 33/34 MP: 2/2
  1301 | D:2      | Found a basalt altar of Yredelemnul.
  1315 | D:2      | Reached XP level 4. HP: 41/41 MP: 3/3
  1505 | D:2      | Found a hide-covered altar of Uskayaw.
  1603 | D:2      | Found a faded altar of an unknown god.
  1664 | D:2      | Found a radiant altar of Vehumet.
  1670 | D:2      | Found a sparkling altar of Nemelex Xobeh.
  1671 | D:2      | Found a deep blue altar of Sif Muna.
  1672 | D:2      | Found an ornate altar of the Wu Jian Council.
  1674 | D:2      | Found a glowing golden altar of the Shining One.
  2063 | D:3      | You fall through a shaft for 3 floors!
  2063 | D:6      | Noticed an ogre
  2063 | D:6      | Noticed a bullfrog
  2069 | D:6      | Killed a bullfrog
  2069 | D:6      | Reached skill level 5 in Fighting
  2069 | D:6      | Reached XP level 5. HP: 48/48 MP: 4/4
  2072 | D:6      | Reached skill level 5 in Axes
  2074 | D:6      | Killed an ogre
  2074 | D:6      | Reached XP level 6. HP: 57/57 MP: 5/5
  2349 | D:6      | Reached skill level 6 in Axes
  2409 | D:5      | Entered Level 5 of the Dungeon
  2421 | D:5      | Noticed Dowan
  2423 | D:5      | Noticed Duvessa
  2426 | D:5      | Killed Dowan
  2438 | D:5      | Killed Duvessa
  2438 | D:5      | Reached XP level 7. HP: 64/64 MP: 6/6
  2578 | D:4      | Reached *** piety under Trog
  2768 | D:4      | Reached skill level 7 in Axes
  2947 | D:4      | Found an iron altar of Okawaru.
  3116 | D:3      | Found an opulent altar of Gozag.
  3509 | D:3      | Reached skill level 5 in Armour
  4042 | D:4      | Found a staircase to the Ecumenical Temple.
  4154 | D:5      | Reached XP level 8. HP: 73/73 MP: 7/7
  4215 | D:5      | Noticed Grinder
  4215 | D:5      | Noticed Menkaure
  4215 | D:5      | Paralysed by Grinder for 6 turns
  4219 | D:5      | HP: 21/73 [??? (18)]
  4224 | D:5      | Killed Menkaure
  4227 | D:5      | Killed Grinder
  4227 | D:5      | Reached skill level 8 in Axes
  4509 | D:5      | Found a snail-covered altar of Cheibriados.
  5296 | D:6      | Reached skill level 5 in Dodging
  5580 | D:6      | Reached skill level 9 in Axes
  5952 | D:7      | Reached XP level 9. HP: 82/82 MP: 8/8
  5956 | D:7      | Reached **** piety under Trog
  6177 | D:7      | HP: 61/124 [orc warrior/scimitar (17)]
  6411 | D:7      | Reached skill level 10 in Axes
  6839 | D:7      | Found a sacrificial altar of Ru.
  7085 | D:8      | Noticed Joseph
  7090 | D:8      | Reached skill level 10 in Fighting
  7098 | D:8      | Killed Joseph
  7208 | D:8      | Reached XP level 10. HP: 93/93 MP: 9/9
  7210 | D:8      | Reached skill level 11 in Axes
  7459 | D:8      | Noticed Grum
  7467 | D:8      | Killed Grum
  7478 | D:8      | Found a sand-covered staircase.
  7484 | Ossuary  | Entered an ossuary
  8116 | D:8      | Noticed a two-headed ogre
  8120 | D:8      | Killed a two-headed ogre
  8420 | D:8      | Got a heavily runed ring mail
  8431 | D:8      | Identified the +1 ring mail of Masochism {rPois rF+ rN++ Stlth-} (You took it off an orc on level 8 of the Dungeon)
  8751 | D:9      | Found a staircase to the Lair.
  8759 | D:9      | Reached skill level 12 in Axes
  8911 | D:9      | Found a shattered altar of Ashenzari.
  8914 | D:9      | Found a basalt altar of Yredelemnul.
  8916 | D:9      | Found a bloodstained altar of Trog.
  9011 | D:9      | Found a glowing silver altar of Zin.
  9013 | D:9      | Found a shadowy altar of Dithmenos.
  9051 | D:9      | Reached ***** piety under Trog
  9140 | D:9      | Noticed a two-headed ogre
  9146 | D:9      | Killed a two-headed ogre
  9410 | D:9      | Reached XP level 11. HP: 103/103 MP: 10/10
  9995 | D:10     | Entered Level 10 of the Dungeon
 10020 | D:10     | HP: 47/154 [very large slime creature (52)]
 10041 | D:10     | HP: 16/103 [slime creature (6)]
 10046 | D:9      | Slain by a slime creature

Vault maps used:
D:1:      dpeg_arrival_ratfight
D:2:      old_standard_altar, minitemple,
          chequers_ecumenical_altar_simple_redux, yredelemnul_altar_generic
D:3:      corexii_leaking_fountain, nicolae_gozag_seed_capital
D:4:      lemuel_doored_altar, minmay_temple_entry_hall
D:5:      first_bread, kennysheep_slug_shrine, uniq_grinder, uniq_menkaure,
          uniq_duvessa
D:7:      nicolae_ru_path_of_blood
D:8:      nicolae_ossuary_entry_plus, minmay_diamond_spiral, uniq_grum,
          uniq_joseph
D:9:      nicolae_overflow_hidden_temple, erik_lair_orcish_takeover
D:10:     david_nohive_1
Ossuary:  ossuary_kennysheep_city_of_the_dead

Skill      XL: |  1  2  3  4  5  6  7  8  9 10 11 |
---------------+----------------------------------+-----
Fighting       | 4 5 6 7 8 10 11 | 11.9
Axes           | 4 5 6 7 9 10 12 | 12.6
Armour         | 3 4 5 6 7 8 |  8.8
Dodging        | 3 4 5 6 7 8 |  8.1

Action                   |  1- 3 |  4- 6 |  7- 9 | 10-12 || total
-------------------------+-------+-------+-------+-------++-------
Melee: Hand axe          |    57 |    74 |    58 |       ||   189
       Headbutt          |    13 |    12 |    48 |    31 ||   104
       War axe           |       |       |   199 |    72 ||   271
       Battleaxe         |       |       |       |    79 ||    79
Invok: Berserk           |     1 |     2 |     9 |     7 ||    19
  Use: Scroll            |       |     7 |     9 |    10 ||    26
  Eat: Chunk             |     1 |     6 |    24 |    14 ||    45
       Fruit             |       |       |     1 |     1 ||     2
Armor: Animal skin       |    12 |       |       |       ||    12
       Scale mail        |     6 |    29 |       |       ||    35
       Chain mail        |       |       |   166 |    28 ||   194
       Ring mail         |       |       |       |     7 ||     7
Dodge: Dodged            |    38 |    43 |   140 |    94 ||   315
Block: Other             |       |       |    25 |    33 ||    58

Table legend:
 A = Spawn XP
 B = Non-spawn XP
 C = Spawn XP percentage of total XP
 D = Spawn monster count
 E = Non-spawn monster count
 F = Spawn count percentage of total count
 G = Total turns spent on level
                    A         B        C        D         E        F      G
               +---------+---------+-------+---------+---------+-------+---------
         Total |       0 |   12415 |   0.0 |       0 |     247 |   0.0 | 10046
               +---------+---------+-------+---------+---------+-------+---------
           D:1 |       0 |      41 |   0.0 |       0 |      26 |   0.0 |  1013
           D:2 |       0 |      72 |   0.0 |       0 |      15 |   0.0 |   823
           D:3 |       0 |      55 |   0.0 |       0 |      23 |   0.0 |   941
           D:4 |       0 |     385 |   0.0 |       0 |      16 |   0.0 |   795
           D:5 |       0 |     911 |   0.0 |       0 |      24 |   0.0 |  1365
           D:6 |       0 |    1207 |   0.0 |       0 |      26 |   0.0 |   960
           D:7 |       0 |    1371 |   0.0 |       0 |      25 |   0.0 |   975
           D:8 |       0 |    4143 |   0.0 |       0 |      43 |   0.0 |  1348
           D:9 |       0 |    2884 |   0.0 |       0 |      35 |   0.0 |  1253
          D:10 |       0 |    1106 |   0.0 |       0 |       3 |   0.0 |    49
       Ossuary |       0 |     240 |   0.0 |       0 |      11 |   0.0 |   524
               +---------+---------+-------+---------+---------+-------+---------
